 Dungeon Crawl Stone Soup version 0.31.0-11-ge490571c62 (webtiles) character file.

Game seed: 14004533313933102267

59 Gadfly the Trooper (level 3, 0/29 HPs)
             Began as a Demonspawn Monk on Feb 1, 2024.
             Was a Believer of Nemelex Xobeh.
             Slain by a gnoll
             ... wielding a +0 flail
              (7 damage)
             ... on level 3 of the Dungeon.
             The game lasted 00:03:15 (1874 turns).

Gadfly the Trooper (Demonspawn Monk)                Turns: 1874, Time: 00:03:15

Health: 0/29       AC:  5    Str: 13    XL:     3   Next: 78%
Magic:  4/4        EV: 13    Int: 10    God:    Nemelex Xobeh [**....]
Gold:   1119       SH:  0    Dex: 15    Spells: 2/2 levels left

rFire   . .          .
                       - Unarmed
rCold   . . .        (no shield)
rNeg    . . .        a - +0 robe
rPois   .            (helmet restricted)
rElec   .            (no cloak)
rCorr   .            d - +2 pair of gloves
SInv    .            (no boots)
Will    .....        (no amulet)
Stlth   +            (no ring)
HPRegen 0.24/turn    (no ring)
MPRegen 0.09/turn

%: no passive effects
@: no status effects
A: claws 1, horns 1
a: Renounce Religion, Draw Escape, Draw Destruction, Draw Summoning


You were on level 3 of the Dungeon.
You worshipped Nemelex Xobeh.
Nemelex Xobeh was pleased with you.
You visited 1 branch of the dungeon, and saw 3 of its levels.

You collected 1119 gold pieces.

Inventory:

Missiles
 o - a throwing net (quivered)
Armour
 a - a +0 robe (worn)
 c - an orb of light
 d - a +2 pair of gloves (worn)
Jewellery
 k - a ring of flight
Talismans
 h - a flux talisman
 j - a beast talisman
Scrolls
 e - 2 scrolls of teleportation {unknown}
 f - a scroll of fear {unknown}
 g - a scroll of blinking {unknown}
 n - a scroll of identify
Potions
 b - 2 potions of ambrosia
 i - a potion of curing {unknown}
 l - a potion of magic {unknown}
 m - a potion of heal wounds {unknown}


   Skills:
 - Level 3.0 Fighting
 + Level 2.9 Dodging
 * Level 3.0 Unarmed Combat
 * Level 2.1 Invocations
 * Level 1.2 Evocations
 * Level 1.2 Shapeshifting


You had 2 spell levels left.
You didn't know any spells.
Your spell library contained the following spells:

 Spells                   Type           Power      Damage    Failure   Level
 Summon Small Mammal      Summ           0%         N/A       36%         1
 Call Canine Familiar     Summ           0%         N/A       75%         3
 Dazzling Flash           Conj/Hex       0%         N/A       75%         3
 Volatile Blastmotes      Fire/Tloc      0%         2d10      75%         3
 Animate Armour           Summ/Erth      0%         N/A       98%         4
 Summon Blazeheart Golem  Fire/Summ      0%         N/A       98%         4
 Summon Lightning Spire   Summ/Air       0%         N/A       98%         4
 Lee's Rapid Deconstruct  Erth           0%         3d4*      100%        5
 Starburst                Conj/Fire      0%         6d3       100%        6
 Maxwell's Capacitive Co  Air            0%         ∞         100%        8


Dungeon Overview and Level Annotations

Branches:
Dungeon (3/15)

Altars:
Cheibriados
Kikubaaqudgha
Nemelex Xobeh
Okawaru
Wu Jian
Xom

Shops:
D:3 :


Innate Abilities, Weirdness & Mutations

You have sharp fingernails.
You have a pair of small horns on your head.


Message History

The gnoll hits you with a +0 spear.
The gnoll splashes around in the water.
The gnoll barely misses you.
You completely miss the gnoll.
You headbutt the gnoll, but do no damage.
The gnoll misses you. The gnoll hits you with a +0 spear.
The gnoll hits you with a +0 halberd! The gnoll closely misses you.
You closely miss the gnoll. Your headbutt misses the gnoll.
The gnoll barely misses you. The gnoll hits you with a +0 spear!
The gnoll barely misses you.
You are too injured to fight recklessly!
You are too injured to fight recklessly!
You are too injured to fight recklessly!
You are too injured to fight recklessly!
You are too injured to fight recklessly!
You are too injured to fight recklessly!
You are too injured to fight recklessly!
You are too injured to fight recklessly!
You are too injured to fight recklessly!
You are too injured to fight recklessly!
You are too injured to fight recklessly!
You are too injured to fight recklessly!
You are too injured to fight recklessly!
You are too injured to fight recklessly!
You are too injured to fight recklessly!
Unknown command.
The gnoll hits the plant with a +0 spear!
The plant begins to die.
The gnoll barely misses you.
The gnoll hits you from afar with a +0 spear.
* * * LOW HITPOINT WARNING * * *
The gnoll barely misses you.
You draw a card...
You have drawn Wild Magic.
The gnoll looks incredibly listless.
The gnoll is drained!
The gnoll is engulfed in toxic fumes.
The gnoll is poisoned.
Sand pours from the gnoll's hands.
The gnoll is blasted with sand.
You feel a surge of magic. The gnoll barely misses you.
The gnoll closely misses you.
Unknown command.
The gnoll attacks as it pursues you! The gnoll hits you with a +0 flail!
You die...
Your body disappears without a glow.

.+....########.#.#[...~.........~
##....###......#.....♣.~..~♣~P~~P
##....#...######...##P~~~~~~~P~PP
##.##..>.......#......♣~PP~~P≈≈≈≈
##.#####.#####.#...####♣~~~P≈≈≈~
~.P## #.##~P~.#...# #~~P~PP≈P~
~~.~## #.#~P~P.###.# #P~~P~PP♣#
PP~P.# #.#P~gg.###.# ##♣♣♣♣♣~#
.P~P.###.# ♣g.g@..# #
.P♣~P....#.~P.####.#
P.~~.P.##~P~~~# #.#
..P~~P...P~≈P~# ###
.P.♣~PPPPP♣~P.# ..PP♣PPPP~♣≈P~#
...P~♣♣P♣≈♣~.## .##.~ ♣≈♣~.P# .
#.P ♣♣PP


You could see 4 gnolls.

Vanquished Creatures
  An adder (D:3)
  A dart slug (D:1)
  An orc (D:3)
  2 bats
  4 endoplasms (D:1)
  A giant cockroach (D:1)
  6 goblins
  5 hobgoblins
  3 jackals (D:1)
  4 kobolds
  3 quokkas (D:1)
  6 ball pythons
  2 frilled lizards
  2 rats (D:1)
41 creatures vanquished.

Notes
Turn   | Place    | Note
-------+----------+-------------------------------------------
     0 | D:1      | Gadfly the Demonspawn Monk began the quest for the Orb.
     0 | D:1      | Reached XP level 1. HP: 18/18 MP: 1/1
   119 | D:1      | Discovered your monstrous ancestry.
   119 | D:1      | Gained mutation: You have a pair of small horns on your
                  | head. [demonic ancestry]
   119 | D:1      | Reached XP level 2. HP: 24/24 MP: 2/2
   132 | D:1      | Reached skill level 1 in Invocations
   326 | D:1      | Identified a scroll of acquirement
   326 | D:1      | Acquired 974 gold pieces
   510 | D:1      | Reached skill level 1 in Evocations
   590 | D:1      | Gained mutation: You have sharp fingernails. [demonic
                  | ancestry]
   590 | D:1      | Reached XP level 3. HP: 29/29 MP: 4/4
   875 | D:2      | Reached skill level 1 in Shapeshifting
  1307 | D:3      | Found Ruischaer's Vocational Training.
  1696 | D:3      | Found an ancient bone altar of Kikubaaqudgha.
  1697 | D:3      | Found a shimmering altar of Xom.
  1701 | D:3      | Found a sparkling altar of Nemelex Xobeh.
  1701 | D:3      | Found an iron altar of Okawaru.
  1702 | D:3      | Found an ornate altar of the Wu Jian Council.
  1714 | D:3      | Became a worshipper of Nemelex Xobeh the Trickster
  1714 | D:3      | Reached * piety under Nemelex Xobeh
  1714 | D:3      | Received a gift from Nemelex Xobeh
  1714 | D:3      | Reached ** piety under Nemelex Xobeh
  1737 | D:3      | Found a snail-covered altar of Cheibriados.
  1874 | D:3      | Slain by a gnoll

Illustrated notes

Levels and vault maps discovered:
D:1:      wander_arrival_desolate, layout_loops_cross, serial_bayou,
          serial_bayou_shore_b, serial_bayou_lagoon_b, serial_bayou_crossing,
          serial_bayou_pond_b, minmay_quantized
D:2:      layout_rooms
D:3:      layout_basic, grunt_temple_overflow_open, makhleb_altar_promises_db,
          mainiacjoe_overflow_six_doors_small, serial_bayou,
          serial_bayou_ford_a, serial_bayou_lake_a, serial_bayou_pond_a,
          serial_bayou_lagoon_a, nicolae_shop_vocational

Skill      XL: |  1  2  3 |
---------------+----------+-----
Invocations    | 1 2 |  2.1
Evocations     | 1 |  1.2
Unarmed Combat | 3 |  3.0
Shapeshifting  | 1 |  1.2
Fighting       | |  3.0
Dodging        | |  2.9

Action                     || total
---------------------------++-------
  Melee: Unarmed           ||   137
         Headbutt          ||    16
 Invoke: Draw Destruction  ||     1
    Use: Scroll            ||     7
 Armour: Robe              ||    89
  Dodge: Dodged            ||   106
